 Dungeon Crawl Stone Soup version 0.21-a0-264-g3e31e41 (webtiles) character file.

14 zane53102 the Slasher (level 2, -3/22 HPs)
             Began as a Demonspawn Gladiator on Sept 7, 2017.
             Slain by a worm (9 damage)
             ... on level 2 of the Dungeon on Sept 8, 2017.
             The game lasted 00:04:41 (928 turns).

zane53102 the Slasher (Demonspawn Gladiator)         Turns: 928, Time: 00:04:41

Health: -3/22      AC:  4    Str: 14    XL:     2   Next: 27%
Magic:  2/2        EV: 13    Int:  9    God:
Gold:   10         SH:  0    Dex: 14    Spells: 1/1 levels left

rFire    . . .     SeeInvis .   a - +0 long sword
rCold    . . .     Gourm    .   (no shield)
rNeg     . . .     Faith    .   b - +0 leather armour
rPois    .         Spirit   .   c - +0 helmet
rElec    .         Reflect  .   (no cloak)
rCorr    .         Harm     .   (no gloves)
MR       .....                  (no boots)
Stlth    +.........             (no amulet)
HPRegen  0.07/turn              (no ring)
MPRegen  0.08/turn              (no ring)

@: no status effects
A: powered by pain 1
a: no special abilities


You were on level 2 of the Dungeon.
You were not hungry.

You visited 1 branch of the dungeon, and saw 2 of its levels.

You collected 10 gold pieces.

Inventory:

Hand Weapons
 a - a +0 long sword (weapon)
Missiles
 d - 3 throwing nets (quivered)
Armour
 b - a +0 leather armour (worn)
 c - a +0 helmet (worn)
 h - a +0 plate armour
 i - a +0 chain mail
 j - a +0 ring mail
Scrolls
 g - a scroll of identify {unknown}
Potions
 e - a potion of agility {unknown}
Comestibles
 f - a bread ration


   Skills:
 + Level 2.2 Fighting
 + Level 3.0 Long Blades
 + Level 1.8 Throwing
 + Level 2.9 Dodging


You had one spell level left.
You didn't know any spells.

Dungeon Overview and Level Annotations

Branches:
Dungeon (2/15)

Altars:


Innate Abilities, Weirdness & Mutations

You sometimes gain a little power by taking damage.


Message History

2 jackals come into view.
You completely miss the worm.
The worm is moderately wounded.
The adder bites you. The worm misses you.
You riposte.
You barely miss the worm.
The worm is moderately wounded.
You barely miss the worm.
The worm is moderately wounded.
The adder misses you. The adder closely misses you.
The jackal barks!
You hit the worm.
The worm is heavily wounded.
The adder closely misses you. The worm bites you! The adder bites you.
* * * LOW HITPOINT WARNING * * *
A jackal comes into view.
The jackal barks!
You hit the worm.
The worm is severely wounded.
The adder closely misses you. The worm bites you!
You die...

#...hl≈h≈≈≈≈≈≈≈
#...≈≈≈≈≈≈≈≈≈≈.
#.≈≈≈≈≈≈≈≈≈≈≈≈≈
..≈.≈..≈≈..≈...
≈..≈h.≈≈...≈
.......#
#######.S...#
#.......@w..#
#.####......#
#....#......#
#.#..#.#+#+##
#.#..#.#
#.#..#.#
#.#..#.#
#.#...<#
#.#.##.#


You could see a worm, an adder, 3 jackals and a frilled lizard (wandering).

Vanquished Creatures
  An ooze (D:1)
  A dart slug (D:1)
  A giant cockroach (D:1)
  A hobgoblin (D:1)
  5 rats (D:1)
9 creatures vanquished.

Notes
Turn   | Place    | Note
-------+----------+-------------------------------------------
     0 | D:1      | zane53102 the Demonspawn Gladiator began the quest for the Orb.
     0 | D:1      | Reached XP level 1. HP: 16/16 MP: 1/1
   174 | D:1      | Upgraded the game from 0.21-a0-260-g9b2435e to 0.21-a0-264-g3e31e41
   283 | D:1      | Reached skill level 3 in Long Blades
   294 | D:1      | Gained mutation: You sometimes gain a little power by taking damage. [demonic ancestry]
   294 | D:1      | Reached XP level 2. HP: 17/22 MP: 2/2
   928 | D:2      | Slain by a worm

Vault maps used:
D:1:      nicolae_arrival_somewhat_less_tricky_arrival
D:2:      chequers_ecumenical_altar_island, st_stairs_13

Skill      XL: |  1 |
---------------+----+-----
Long Blades    | 3 |  3.0
Fighting       | |  2.2
Throwing       | |  1.8
Dodging        | |  2.9

Action                   || total
-------------------------++-------
Melee: Long sword        ||    23
Armor: Leather armour    ||     6
Dodge: Dodged            ||    17
       Rpst.: Long sword ||     8

Table legend:
 A = Spawn XP
 B = Non-spawn XP
 C = Spawn XP percentage of total XP
 D = Spawn monster count
 E = Non-spawn monster count
 F = Spawn count percentage of total count
 G = Total turns spent on level
                    A         B        C        D         E        F      G
               +---------+---------+-------+---------+---------+-------+---------
         Total |       0 |      20 |   0.0 |       0 |       9 |   0.0 |   928
               +---------+---------+-------+---------+---------+-------+---------
           D:1 |       0 |      20 |   0.0 |       0 |       9 |   0.0 |   904
               +---------+---------+-------+---------+---------+-------+---------
